General information
- name: BNet
- type: Ladder team game (AT/RT)
- host: Battle.net
- saver: miguelitito
map: PhantomGrove
- players: 4
- length: 40:25
- speed: Fast
- version: 1.26 W3XP
- replay type: Public
» download(170 KB)
Players
team 1 (winner)
James1986 (
blue | 56 APM | 2253 actions | 40:25)
6 Archmage
1 Blizzard
3 Summon Water Elemental
1 Brilliance Aura
1 Mass Teleport
6 Paladin
3 Divine Shield
2 Devotion Aura
1 Resurrection
» actions
| Assign group hotkey | 23 | |
| Build / train | 113 | |
| Enter build submenu | 45 | |
| Enter hero's abilities submenu | 12 | |
| Remove unit from queue | 1 | |
| Right click | 844 | |
| Select / deselect | 543 | |
| Select group hotkey | 527 | |
| Use ability | 145 | |
2253 total
» units
| Peasant | 28 | |
| Footman | 15 | |
| Rifleman | 9 | |
| Spell Breaker | 5 | |
| Gryphon Rider | 4 | |
61 total
» upgrades
| Defend | 1 | |
| Plating | 3 | |
| Swords | 3 | |
| Armor | 2 | |
| Lumber Harvesting | 1 | |
| Long Rifles | 1 | |
| Control Magic | 1 | |
| Animal War Training | 1 | |
| Storm Hammers | 1 | |
| Gunpowder | 1 | |
15 total
» buildings
| Altar of Kings | 2 | |
| Barracks | 2 | |
| Farm | 22 | |
| Blacksmith | 2 | |
| Arcane Vault | 2 | |
| Lumber Mill | 2 | |
| Keep | 2 | |
| Arcane Sanctum | 1 | |
| Town Hall | 3 | |
| Castle | 1 | |
| Gryphon Aviary | 2 | |
| Scout Tower | 5 | |
| Arcane Tower | 1 | |
| Guard Tower | 3 | |
50 total
» build order
00:09 Altar of Kings
00:20 Barracks
00:25 Farm
01:13 Farm
01:55 Farm
03:12 Blacksmith
03:18 Arcane Vault
03:26 Lumber Mill
04:16 Farm
04:35 Farm
05:19 Keep
05:43 Farm
06:57 Farm
07:43 Arcane Sanctum
08:48 Town Hall
09:22 Farm
11:01 Castle
11:34 Farm
12:19 Gryphon Aviary
13:25 Farm
13:56 Gryphon Aviary
14:03 Farm
15:12 Farm
15:58 Farm
22:19 Town Hall
22:25 Altar of Kings
22:49 Farm
23:46 Farm
23:50 Farm
24:26 Farm
24:30 Farm
25:12 Farm
25:46 Farm
28:54 Town Hall
28:59 Scout Tower
29:29 Arcane Tower
32:26 Barracks
32:48 Farm
33:13 Arcane Vault
33:54 Farm
33:58 Blacksmith
34:02 Lumber Mill
34:36 Scout Tower
34:38 Scout Tower
35:28 Guard Tower
35:34 Scout Tower
35:37 Scout Tower
36:07 Guard Tower
36:15 Guard Tower
40:17 Keep
» items
| Scroll of Regeneration | 3 | |
| Scroll of Town Portal | 1 | |
| Orb of Fire | 1 | |
| Potion of Lesser Invulnerability | 3 | |
| Scroll of Healing | 1 | |
| Periapt of Vitality | 1 | |
10 total
richardstrauss (
green | 69 APM | 2794 actions | 40:25)
7 Crypt Lord
3 Spiked Carapace
3 Carrion Beetles
1 Locust Swarm
5 Death Knight
3 Death Coil
2 Death Pact
» actions
| Assign group hotkey | 148 | |
| Build / train | 121 | |
| ESC pressed | 1 | |
| Enter build submenu | 42 | |
| Enter hero's abilities submenu | 12 | |
| Give item / drop item | 12 | |
| Remove unit from queue | 3 | |
| Right click | 1133 | |
| Select / deselect | 566 | |
| Select group hotkey | 632 | |
| Use ability | 124 | |
2794 total
» units
| Acolyte | 18 | |
| Ghoul | 9 | |
| Crypt Fiend | 8 | |
| Frost Wyrm | 19 | |
54 total
» upgrades
| Burrow | 1 | |
| Web | 1 | |
| Ghoul Frenzy | 1 | |
| Freezing Breath | 1 | |
| Creature Carapace | 2 | |
| Creature Attack | 2 | |
| Unholy Armor | 1 | |
| Unholy Strength | 1 | |
10 total
» buildings
| Altar of Darkness | 1 | |
| Ziggurat | 20 | |
| Crypt | 2 | |
| Graveyard | 1 | |
| Tomb of Relics | 1 | |
| Nerubian Tower | 9 | |
| Necropolis | 5 | |
| Spirit Tower | 9 | |
| Halls of the Dead | 2 | |
| Black Citadel | 2 | |
| Sacrificial Pit | 1 | |
| Slaughterhouse | 2 | |
| Boneyard | 8 | |
63 total
» build order
00:08 Altar of Darkness
00:11 Ziggurat
00:52 Crypt
00:55 Graveyard
01:31 Ziggurat
01:37 Tomb of Relics
01:41 Nerubian Tower
03:57 Ziggurat
04:27 Necropolis
04:29 Ziggurat
04:30 Ziggurat
05:11 Nerubian Tower
05:56 Spirit Tower
06:17 Nerubian Tower
06:17 Nerubian Tower
06:53 Halls of the Dead
07:11 Crypt
07:14 Ziggurat
08:52 Ziggurat
08:54 Ziggurat
09:14 Black Citadel
10:49 Sacrificial Pit
10:53 Slaughterhouse
10:56 Spirit Tower
11:44 Boneyard
12:14 Spirit Tower
12:15 Spirit Tower
12:52 Necropolis
12:55 Ziggurat
12:59 Boneyard
13:00 Boneyard
16:49 Slaughterhouse
17:10 Boneyard
18:39 Ziggurat
18:40 Ziggurat
18:40 Ziggurat
19:07 Spirit Tower
19:09 Spirit Tower
19:53 Ziggurat
24:05 Necropolis
24:32 Nerubian Tower
24:35 Nerubian Tower
24:39 Nerubian Tower
24:42 Nerubian Tower
26:29 Ziggurat
26:47 Ziggurat
27:43 Necropolis
27:59 Nerubian Tower
29:24 Ziggurat
29:25 Halls of the Dead
32:01 Ziggurat
32:02 Ziggurat
32:09 Black Citadel
32:11 Spirit Tower
32:47 Ziggurat
32:48 Ziggurat
33:17 Spirit Tower
33:55 Spirit Tower
35:13 Boneyard
35:14 Boneyard
35:15 Boneyard
36:29 Boneyard
39:24 Necropolis
» items
| Sacrificial Skull | 6 | |
| Rod of Necromancy | 4 | |
| Potion of Healing | 1 | |
| Scroll of Healing | 1 | |
12 total
team 2 (loser)
miguelitito (
teal | 58 APM | 2334 actions | 40:25)
4 Blood Mage
2 Siphon Mana
1 Banish
1 Flame Strike
4 Mountain King
2 Storm Bolt
2 Bash
» actions
| Assign group hotkey | 18 | |
| Basic commands | 16 | |
| Build / train | 89 | |
| Enter build submenu | 64 | |
| Enter hero's abilities submenu | 9 | |
| Give item / drop item | 3 | |
| Right click | 1411 | |
| Select / deselect | 434 | |
| Select group hotkey | 159 | |
| Use ability | 130 | |
2334 total
» units
| Peasant | 26 | |
| Mortar Team | 7 | |
| Dragonhawk Rider | 8 | |
41 total
» upgrades
| Lumber Harvesting | 1 | |
| Armor | 2 | |
| Masonry | 1 | |
| Plating | 2 | |
6 total
» buildings
| Altar of Kings | 3 | |
| Farm | 19 | |
| Scout Tower | 22 | |
| Arcane Vault | 1 | |
| Lumber Mill | 3 | |
| Arcane Tower | 5 | |
| Blacksmith | 1 | |
| Keep | 4 | |
| Town Hall | 5 | |
| Workshop | 2 | |
| Guard Tower | 5 | |
| Gryphon Aviary | 2 | |
| Castle | 1 | |
73 total
» build order
00:06 Altar of Kings
00:07 Farm
00:30 Farm
01:06 Scout Tower
01:13 Arcane Vault
01:28 Lumber Mill
01:34 Arcane Tower
02:00 Farm
02:20 Farm
02:37 Scout Tower
03:07 Arcane Tower
03:13 Scout Tower
04:13 Blacksmith
04:52 Keep
04:52 Keep
04:52 Keep
05:50 Farm
05:54 Farm
06:13 Scout Tower
06:14 Scout Tower
06:17 Scout Tower
06:50 Scout Tower
07:15 Scout Tower
07:17 Scout Tower
07:20 Scout Tower
07:23 Town Hall
07:34 Workshop
07:37 Workshop
07:58 Farm
08:29 Guard Tower
08:33 Scout Tower
09:27 Guard Tower
09:30 Arcane Tower
10:16 Gryphon Aviary
10:53 Lumber Mill
11:18 Scout Tower
11:20 Scout Tower
12:51 Castle
12:57 Gryphon Aviary
13:54 Farm
14:20 Farm
14:21 Farm
16:14 Farm
16:16 Farm
16:46 Guard Tower
19:25 Farm
19:27 Farm
19:27 Farm
23:40 Town Hall
23:51 Altar of Kings
23:54 Scout Tower
23:56 Scout Tower
23:58 Scout Tower
24:01 Scout Tower
24:24 Guard Tower
24:30 Guard Tower
24:37 Scout Tower
24:43 Farm
26:47 Farm
26:49 Farm
26:51 Arcane Tower
27:28 Scout Tower
27:45 Lumber Mill
29:54 Town Hall
30:11 Town Hall
31:23 Town Hall
32:02 Altar of Kings
32:59 Scout Tower
33:03 Farm
34:24 Scout Tower
35:00 Arcane Tower
35:02 Scout Tower
» items
| Circlet of Nobility | 2 | |
| Staff of Teleportation | 1 | |
| Boots of Speed | 3 | |
| Scroll of Regeneration | 4 | |
| Periapt of Vitality | 1 | |
| Scroll of Town Portal | 2 | |
| Potion of Healing | 2 | |
| Orb of Fire | 1 | |
16 total
algrine (
red | 45 APM | 1776 actions | 39:47)
8 Mountain King
3 Thunder Clap
3 Storm Bolt
1 Avatar
1 Bash
» actions
| Assign group hotkey | 40 | |
| Basic commands | 249 | |
| Build / train | 114 | |
| Enter build submenu | 52 | |
| Enter hero's abilities submenu | 9 | |
| Give item / drop item | 5 | |
| Right click | 404 | |
| Select / deselect | 437 | |
| Select group hotkey | 366 | |
| Use ability | 100 | |
1776 total
» units
| Peasant | 14 | |
| Footman | 14 | |
| Rifleman | 20 | |
| Gryphon Rider | 5 | |
| Knight | 4 | |
| Dragonhawk Rider | 5 | |
| Kobold | 1 | |
| Murloc Huntsman | 1 | |
| Assassin | 1 | |
| Kobold Geomancer | 1 | |
66 total
» upgrades
| Masonry | 3 | |
| Lumber Harvesting | 2 | |
| Gunpowder | 2 | |
| Armor | 2 | |
| Cloud | 1 | |
10 total
» buildings
| Altar of Kings | 2 | |
| Barracks | 2 | |
| Farm | 18 | |
| Town Hall | 1 | |
| Lumber Mill | 2 | |
| Scout Tower | 17 | |
| Guard Tower | 14 | |
| Keep | 2 | |
| Blacksmith | 2 | |
| Arcane Tower | 3 | |
| Castle | 2 | |
| Gryphon Aviary | 3 | |
| Arcane Vault | 1 | |
69 total
» build order
00:05 Altar of Kings
00:08 Barracks
00:22 Farm
01:02 Farm
02:18 Farm
03:26 Town Hall
03:42 Lumber Mill
04:41 Scout Tower
04:46 Scout Tower
04:51 Scout Tower
05:13 Guard Tower
05:17 Scout Tower
05:20 Guard Tower
05:23 Guard Tower
05:47 Scout Tower
05:50 Guard Tower
05:52 Keep
06:12 Scout Tower
06:20 Scout Tower
06:22 Guard Tower
06:25 Scout Tower
07:13 Guard Tower
07:17 Scout Tower
07:19 Guard Tower
07:25 Blacksmith
07:27 Guard Tower
07:30 Scout Tower
07:33 Scout Tower
07:48 Guard Tower
08:00 Guard Tower
08:02 Scout Tower
08:04 Guard Tower
08:07 Scout Tower
08:23 Guard Tower
08:25 Scout Tower
08:33 Arcane Tower
08:36 Scout Tower
08:50 Arcane Tower
08:53 Farm
09:21 Arcane Tower
09:24 Scout Tower
09:39 Farm
10:04 Castle
10:42 Guard Tower
10:52 Gryphon Aviary
11:08 Arcane Vault
11:42 Farm
12:45 Farm
13:42 Farm
14:23 Farm
15:10 Gryphon Aviary
15:19 Farm
16:01 Farm
16:04 Farm
16:40 Farm
16:44 Farm
17:21 Farm
22:24 Keep
22:46 Barracks
22:55 Blacksmith
23:13 Farm
23:17 Farm
23:54 Farm
27:09 Altar of Kings
28:03 Castle
31:10 Lumber Mill
32:14 Gryphon Aviary
36:35 Scout Tower
36:48 Guard Tower
» items
| Potion of Healing | 2 | |
| Potion of Mana | 2 | |
| Potion of Lesser Invulnerability | 2 | |
| Boots of Speed | 1 | |
| Dust of Appearance | 1 | |
8 total
Chat log
(00:26 / Allies) miguelitito: make mhg ?
(00:35 / Allies) miguelitito: mountain king
(00:39 / Allies) miguelitito: ill go bloody
(00:43 / Allies) algrine: ey
(00:53 / Allies) miguelitito: ill go air , and mortals
(00:53 / Allies) algrine: yes
(05:14 / Allies) miguelitito: help me
(05:40 / Allies) miguelitito: help me to capture
(08:13 / Allies) miguelitito: gold
(08:13 / Allies) miguelitito: plzs
(09:57 / Allies) miguelitito: MAN GIVE ME GOLD RETARD
(25:01 / Allies) miguelitito: gold
(25:02 / Allies) miguelitito: please
(25:59 / Allies) miguelitito: you can read retard?
(31:42 / Allies) miguelitito: gold please
(31:57 / Allies) miguelitito: make dragon hanks
(40:18 / All) miguelitito: you won me because my ally is retard